 Dungeon Crawl Stone Soup version 0.14.0-20-g75a2fc2 (webtiles) character file.

570 HungrySpirit the Ducker (level 6, -19/58 HPs)
             Began as a Deep Dwarf Monk on Apr 21, 2014.
             Killed from afar by an orc (23 damage)
             ... with a wand of lightning
             ... on Level 4 of the Dungeon.
             The game lasted 00:10:26 (3043 turns).

HungrySpirit the Ducker (Deep Dwarf Monk)           Turns: 3043, Time: 00:10:26

HP -19/58        AC  5     Str 17      XL: 6   Next: 64%
MP   0/6         EV 11     Int 10      God:
Gold 144         SH  0     Dex 15      Spells:  0 memorised,  5 levels left

rFire  . . .     SeeInvis .     p - +0,+1 whip (vamp)
rCold  . . .     Clarity  .     g - +0 ring mail (curse)
rNeg   . . .     Conserve .     (no shield)
rPois  .         rCorr    .     (no helmet)
rElec  .         rRot     .     (no cloak)
SustAb . .       Spirit   +     (no gloves)
rMut   .         Warding  .     (no boots)
Saprov . . .     Stasis   .     m - amulet of guardian spirit
MR     .....                    (no ring)
                                (no ring)

@: non-regenerating, slowed, very slow, not resistant to hostile enchantments,
unstealthy
A: damage resistance, recharge devices, sense surroundings 1, slow healing 3
a: Device Recharging


You were on level 4 of the Dungeon.
You were not hungry.

You visited 1 branch of the dungeon, and saw 4 of its levels.

You collected 144 gold pieces.

Inventory:

Hand weapons
 a - a +0,+0 whip of venom
 p - a +0,+1 vampiric whip (weapon)
Armour
 c - a +0 ice dragon armour
 g - a cursed +0 ring mail (worn)
Magical devices
 b - a wand of heal wounds (0)
Scrolls
 f - a scroll of remove curse {unknown}
 h - 2 scrolls of blinking {unknown}
 j - 3 scrolls of enchant armour {unknown}
 k - a scroll of enchant weapon I {unknown}
 n - 3 scrolls of identify {unknown}
 o - a scroll of fear {unknown}
 r - a scroll of teleportation {unknown}
Jewellery
 m - an amulet of guardian spirit (around neck)
Potions
 d - a potion of agility {unknown}
 e - a potion of confusion {unknown}
 i - 2 potions of flight {unknown}
 l - a potion of heal wounds {unknown}
 q - a potion of haste {unknown}
 s - a potion of curing {unknown}


   Skills:
 + Level 4.6 Fighting
 * Level 4.0 Maces & Flails
 - Level 5.0 Dodging
 - Level 2.4 Stealth
 - Level 3.6 Unarmed Combat


You had 5 spell levels left.
You didn't know any spells.

Dungeon Overview and Level Annotations

Branches:
Dungeon (4/15)
 Temple: D:4-7

Altars:
Sif Muna


Innate Abilities, Weirdness & Mutations

You are resistant to damage.
You can recharge devices by infusing magical energy.
You passively map a small area around you.
You do not heal naturally.


Message History

The orc wizard gestures wildly while chanting.
The orc wizard seems to speed up.
You whack the orc wizard!
You feel better.
The orc wizard is severely wounded.
The orc wizard gestures at you while chanting.
The magic dart hits you! The orc hits you but does no damage.
The orc wizard barely misses you.
You hit the orc wizard but do no damage.
The orc wizard is severely wounded.
The orc wizard casts a spell.
The orc wizard blinks!
The orc zaps a wand.
The bolt of lightning hits the orc.
The orc dies!
The bolt of lightning misses you.
The orc wizard mumbles some strange words.
The orc wizard blinks!
The orc zaps a wand.
The bolt of lightning hits you!
* * * LOW HITPOINT WARNING * * *
You are too injured to fight recklessly!
Unknown command.
The orc zaps a wand.
The bolt of lightning hits you!
You die...

#..............#...# ...
#........<..........# ####...
#...#...............## #........
.######..............###........#
.##..$...>§..........#...........
.#........!....#.....#...###.....
...........%.....................
............o...§................
................@........<..(....
...#.........###....###.........#
................#...#*#........##
.., ............#..o...........#
# ,*#..........#........##......
, #....(.#...........# ..... ,
....#.. ##......# .... ...[
...#### ### . , *


You could see an orc wizard and an orc.

Vanquished Creatures
  An ogre (D:3)
  An orc priest (D:3)
  A hound (D:4)
  An orc wizard (D:4)
  2 worker ants (D:3)
  An iguana (D:3)
  8 adders
  A gnoll (D:3)
  4 worms
  2 giant eyeballs (D:4)
  3 oozes (D:2)
  4 orcs (D:3)
  6 bats
  8 hobgoblins
  4 kobolds
  2 ball pythons (D:3)
  3 giant cockroaches
  5 giant newts
  13 goblins
  A goblin skeleton (D:4)
  An orc skeleton (D:3)
  14 rats
86 creatures vanquished.

Vanquished Creatures (others)
  2 orcs (D:4)
2 creatures vanquished.

Grand Total: 88 creatures vanquished

Notes
Turn   | Place    | Note
--------------------------------------------------------------
     0 | D:1      | HungrySpirit, the Deep Dwarf Monk, began the quest for the Orb.
     0 | D:1      | Reached XP level 1. HP: 20/20 MP: 1/1
   233 | D:1      | Reached XP level 2. HP: 8/27 MP: 2/2
   880 | D:2      | Reached skill level 4 in Dodging
   880 | D:2      | Reached XP level 3. HP: 18/34 MP: 3/3
  1015 | D:2      | Found a deep blue altar of Sif Muna.
  1543 | D:2      | Reached XP level 4. HP: 41/43 MP: 4/4
  1741 | D:3      | Noticed an ogre
  2112 | D:3      | Killed an ogre
  2112 | D:3      | Reached skill level 1 in Maces & Flails
  2112 | D:3      | Reached skill level 5 in Dodging
  2112 | D:3      | Reached XP level 5. HP: 20/50 MP: 0/5
  2512 | D:4      | Paralysed by a giant eyeball for 2 turns
  2570 | D:4      | Paralysed by a giant eyeball for 3 turns
  2590 | D:3      | Reached XP level 6. HP: 18/58 MP: 0/6
  2670 | D:4      | Paralysed by a giant eyeball for 3 turns
  3027 | D:4      | Paralysed by a giant eyeball for 2 turns
  3043 | D:4      | Killed from afar by an orc

Action                   |  1- 3 |  4- 6 || total
-------------------------+-------+-------++-------
Melee: Unarmed           |    32 |       ||    32
       Dagger            |    36 |       ||    36
       Whip              |   100 |   340 ||   440
Evoke: Wand              |     2 |     3 ||     5
 Stab: Distracted        |     1 |       ||     1
       Sleeping          |     1 |     2 ||     3
